 Dungeon Crawl Stone Soup version 0.28-a0-537-g3bccd9ccbf (webtiles) character file.

Game seed: 16554044881919244110

599 freelancePsychic the Sneak (level 7, -5/41 HPs)
             Began as an Octopode Conjurer on Sept 27, 2021.
             Was an Initiate of Dithmenos.
             Slain by Pikel (6 damage)
             ... on level 5 of the Dungeon.
             The game lasted 00:12:27 (5152 turns).

freelancePsychic the Sneak (Octopode Conjurer)      Turns: 5152, Time: 00:12:28

Health: -5/41      AC:  1    Str:  6    XL:     7   Next: 41%
Magic:  5/11       EV: 17    Int: 22    God:    Dithmenos [......]
Gold:   238        SH:  0    Dex: 11    Spells: 7/12 levels left

rFire   . . .      SeeInvis .   a - +0 quick blade
rCold   . . .      Faith    .   (no shield)
rNeg    . . .      Spirit   .   (helmet restricted)
rPois   .          Reflect  .   (no amulet)
rElec   .          Harm     .   c - ring "Lafips" {Fly EV+4}
rCorr   .          Rampage  .   (no ring)
Will    .....                   (no ring)
Stlth   ++++......              (no ring)
HPRegen 0.13/turn               (no ring)
MPRegen 0.12/turn               (no ring)
                                (no ring)
                                (no ring)

@: flying, very slightly contaminated
A: almost no armour, amphibious, 8 rings, camouflage 1, gelatinous body 1,
(nimble swimmer 1), tentacles
a: Renounce Religion


You were on level 5 of the Dungeon.
You worshipped Dithmenos.
Dithmenos was noncommittal.
You visited 2 branches of the dungeon, and saw 6 of its levels.
You also visited: Sewer.

You collected 238 gold pieces.

Inventory:

Hand Weapons
 a - a +0 quick blade (weapon)
 b - a +0 hunting sling
Missiles
 h - 83 stones
 k - 2 throwing nets
Armour
 u - a +0 kite shield
Jewellery
 c - the ring "Lafips" (left tentacle) {Fly EV+4}
   (You acquired it in a sewer)

   [ring of evasion]

   EV:        It affects your evasion (+4).
   Fly:       It grants you flight.
 q - an amulet of magic regeneration
Scrolls
 d - a scroll of amnesia
 i - a scroll of teleportation {@r4}
 m - a scroll of summoning
 n - a scroll of fear
 p - a scroll of magic mapping {unknown}
 r - a scroll of noise {unknown}
 s - a scroll of vulnerability {unknown}
Potions
 e - 2 potions of haste {@q3}
 f - a potion of might
 g - a potion of brilliance {unknown}
 j - 2 potions of heal wounds {@q2}
 l - a potion of invisibility
 o - a potion of magic {unknown}
 t - a potion of ambrosia {unknown}
 w - a potion of curing {unknown}


   Skills:
 + Level 3.3 Short Blades
 - Level 2.0 Dodging
 + Level 6.9 Stealth
 - Level 3.0 Spellcasting
 + Level 5.0 Conjurations
 - Level 3.1 Hexes


You had 7 spell levels left.
You knew the following spells:

 Your Spells              Type           Power      Damage    Failure   Level
a - Dazzling Flash        Conj/Hex       42%        N/A       7%          3
b - Searing Ray           Conj           50%        2d6       2%          2

Your spell library contained the following spells:

 Spells                   Type           Power      Damage    Failure   Level
 Magic Dart               Conj           100%       1d8       1%          1
 Fulminant Prism          Conj/Hex       10%        3d9       24%         4
 Gell's Gravitas          Tloc           1%         N/A       36%         3
 Teleport Other           Tloc           3%         N/A       36%         3
 Iskenderun's Mystic Bla  Conj/Tloc      14%        2d5       41%         4
 Silence                  Hex/Air        5%         N/A       88%         5
 Agony                    Necr           3%         N/A       98%         5
 Dispersal                Tloc           1%         N/A       100%        6


Dungeon Overview and Level Annotations

Branches:
Dungeon (5/15)             Temple (1/1) D:4           Sewer (visited)

Altars:
Cheibriados
Dithmenos
Elyvilon
Fedhas
Gozag
Hepliaklqana
Kikubaaqudgha
Nemelex Xobeh
Okawaru
Uskayaw
Xom
Zin
The Shining One

Annotations:
D:5 Pikel


Innate Abilities, Weirdness & Mutations

You cannot wear most types of armour.
You are amphibious.
You can wear up to eight rings at the same time.
Your skin changes colour to match your surroundings (Stealth+).
Your rubbery body absorbs attacks. (AC +1, EV +1)
((You are camouflaged near water. (Stealth+)))
You have tentacles for arms and can constrict up to eight enemies at once.


Message History

The orc wizard closely misses you.
You hit Pikel.
Pikel is heavily wounded.
You constrict Pikel. Pikel closely misses you.
You hit Pikel but do no damage.
Pikel is heavily wounded.
You constrict Pikel, but do no damage. The orc wizard casts a spell at you.
You resist with some effort. The orc wizard closely misses you.
You hit Pikel but do no damage.
Pikel is heavily wounded.
You flicker for a moment.
You constrict Pikel.
The lemure is no longer blind.
Pikel struggles to escape constriction.
You hit Pikel but do no damage.
Pikel is heavily wounded.
You constrict Pikel, but do no damage. The lemure barely misses you.
The orc wizard hits you with a +0 dagger.
The orc wizard closely misses you.
You hit Pikel.
Pikel is severely wounded.
You constrict Pikel.
Pikel escapes!
The orc wizard is no longer blind.
The orc is no longer blind.
The lemure barely misses you. Pikel misses you.
The orc wizard is no longer blind.
Pikel hits you with a +0 whip of flaming!
* * * LOW HITPOINT WARNING * * *
Pikel burns you.
* * * LOW HITPOINT WARNING * * *
The lemure barely misses you.
Found a scale mail.
You flicker back into view.
Pikel says, "I'm sure they'll be treated well, anyway."
The orc wizard casts a spell.
The orc wizard flickers and vanishes!
Deactivating autopickup; reactivate with Ctrl-A.
There is a stone staircase leading up here.
The orc wizard misses you.
Pikel hits you with a +0 whip of flaming.
You die...

## .... .... .... ...[
##...###..####..#.###
......................
##..........##........
#...........##........
.#.....................
............K(.†........5.
...........@o5............
.#...........o....###....#
...........###.5......(.5.
.#..........##...#........
#..........####{###......
#..........# #.oo.......
#>.........# ###5.......
#...)......# #o.......
##........## #........


You could see Pikel, 3 lemures, an orc wizard and 3 orcs.

Vanquished Creatures
  Grinder (D:4)
  A necrophage (D:4)
  An ogre (D:4)
  A lemure (D:5)
  A wight (D:4)
  A vampire bat (D:4)
  Jessica (D:2)
  3 adders
  A worm (D:2)
  A dart slug (D:1)
  5 orcs
  11 ball pythons
  14 bats
  5 endoplasms
  3 giant cockroaches
  3 goblins
  4 hobgoblins
  5 jackals
  5 kobolds
  A quokka (D:5)
  9 frilled lizards
  5 rats
82 creatures vanquished.

Notes
Turn   | Place    | Note
-------+----------+-------------------------------------------
     0 | D:1      | freelancePsychic the Octopode Conjurer began the quest for
                  | the Orb.
     0 | D:1      | Reached XP level 1. HP: 11/11 MP: 3/3
   188 | D:1      | Reached skill level 3 in Stealth
   273 | D:1      | Reached XP level 2. HP: 17/17 MP: 0/5
   361 | D:1      | Learned a level 2 spell: Searing Ray
   712 | D:1      | Found a faded altar of an unknown god.
   877 | D:1      | Reached XP level 3. HP: 21/21 MP: 3/6
  1315 | D:2      | Found a glowing golden altar of the Shining One.
  1462 | D:2      | Noticed Jessica
  1468 | D:2      | Killed Jessica
  1469 | D:2      | Reached skill level 4 in Stealth
  1469 | D:2      | Reached XP level 4. HP: 27/27 MP: 1/8
  2284 | D:3      | Found a sparkling altar of Nemelex Xobeh.
  2460 | D:3      | Found a glowing drain.
  2478 | Sewer    | Entered a sewer
  2712 | Sewer    | Noticed Purgy
  2825 | Sewer    | Identified a scroll of acquirement
  2825 | Sewer    | Acquired the ring "Lafips" {Fly EV+4}
  3080 | Sewer    | Reached XP level 5. HP: 31/31 MP: 2/9
  3176 | D:3      | Learned a level 3 spell: Dazzling Flash
  3325 | D:3      | Found a blossoming altar of Fedhas.
  3328 | D:3      | Found a shimmering altar of Xom.
  3763 | D:4      | Noticed Grinder
  3770 | D:4      | Paralysed by Grinder for 2 turns
  3781 | D:4      | Killed Grinder
  3782 | D:4      | Reached skill level 5 in Stealth
  3782 | D:4      | Reached XP level 6. HP: 28/36 MP: 1/10
  3923 | D:4      | Found a staircase to the Ecumenical Temple.
  3947 | D:4      | Reached skill level 6 in Stealth
  3949 | Temple   | Entered the Ecumenical Temple
  4210 | Temple   | Became a worshipper of Dithmenos the Shadowed
  4304 | D:4      | Identified the +8 falchion "Vaostr Ninah" {antimagic, rPois
                  | rF- rN+++ Dex-4}
  4378 | D:4      | Reached XP level 7. HP: 27/41 MP: 2/11
  5082 | D:5      | Entered Level 5 of the Dungeon
  5084 | D:5      | Reached skill level 5 in Conjurations
  5111 | D:5      | Noticed Pikel
  5147 | D:5      | HP: 1/41 [Pikel (4)]
  5152 | D:5      | Slain by Pikel

Illustrated notes

Levels and vault maps discovered:
D:1:      eino_arrival_cavern_d, layout_basic,
          ebering_ecumenical_altar_abandoned, minmay_misc_feat_secret_circle
D:2:      layout_rooms, serial_co_window_serial, co_window_paths_b,
          co_window_paths_b, co_window_corner_a, co_window_paths_b,
          co_window_paths_a, co_window_of_opportunity_a,
          co_window_of_opportunity_b, co_window_broadway_a,
          co_window_broadway_b, co_window_of_opportunity_c,
          co_window_broadway_b, co_window_4corner_a, glass_columns_a,
          basic_altar, uniq_jessica
D:3:      layout_basic, nemelex_xobeh_ov_fountains_minmay,
          mainiacjoe_overflow_catwalk_spiral, portal_sewer_entry_d,
          minmay_misc_feat_pillars, minmay_distorted
D:4:      layout_basic, minmay_temple_entry_nine_rooms, roderic_batcave,
          uniq_grinder
D:5:      layout_rooms, amcnicky_altar_gilded, uniq_pikel, uniq_blork_the_orc,
          uniq_sigmund
Temple:   compressed_dpeg_circular_temple

Skill      XL: |  1  2  3  4  5  6  7 |
---------------+----------------------+-----
Stealth        | 3 4 5 6 |  6.9
Spellcasting   | 3 |  3.0
Short Blades   | 2 3 |  3.3
Hexes          | 2 3 |  3.1
Conjurations   | 5 |  5.0
Dodging        | |  2.0

Action                   |  1- 3 |  4- 6 |  7- 9 || total
-------------------------+-------+-------+-------++-------
Melee: Quick blade       |       |   102 |    37 ||   139
       Constrict         |       |    14 |     5 ||    19
       Tentacles         |       |     8 |     8 ||    16
 Fire: Hunting sling     |    35 |   111 |       ||   146
 Cast: Magic Dart        |    22 |       |       ||    22
       Searing Ray       |     6 |    20 |     5 ||    31
       Dazzling Flash    |       |     6 |     2 ||     8
  Use: Scroll            |       |     8 |     2 ||    10
       Potion            |       |     2 |     1 ||     3
 Stab: Sleeping          |       |     4 |     3 ||     7
       Invisible         |       |     1 |     1 ||     2
Armor: Skin              |       |     9 |     2 ||    11
Dodge: Dodged            |     2 |    95 |    46 ||   143

Table legend: (Time is in decaauts)
 A = Elapsed time spent in this place.
 B = Non-inter-level travel time spent in this place.
 C = Inter-level travel time spent in this place.
 D = Time resting spent in this place.
 E = Time spent auto-exploring this place.
 F = Levels seen in this place.
 G = Mean time per level.
                   A        B        C        D        E       F      G
               +--------+--------+--------+--------+--------+-----+--------+
         Total |   5109 |   4973 |    136 |    405 |   3455 |   7 |  729.9 |
       Dungeon |   4150 |   4029 |    121 |     62 |   3216 |   5 |  830.0 |
        Temple |    276 |    261 |     15 |      0 |    180 |   1 |  276.0 |
         Sewer |    681 |    681 |      0 |    343 |     59 |   1 |  681.0 |
               +--------+--------+--------+--------+--------+-----+--------+

Top non-repeatable levels by time:
     D:4: 1187 daAuts
     D:1: 1146 daAuts
     D:2: 1089 daAuts
   Sewer: 681 daAuts
     D:3: 669 daAuts
  Temple: 276 daAuts
     D:5: 58 daAuts
